 Dungeon Crawl Stone Soup version 0.23.0 (webtiles) character file.

Game seed: 15897158539693284059

227 redwoodhats the Conjurer (level 5, -7/40 HPs)
             Began as a Draconian Conjurer on Feb 13, 2019.
             Mangled by an orc priest
             ... wielding a +0 flail
              (10 damage)
             ... on level 4 of the Dungeon.
             The game lasted 00:22:33 (4013 turns).

redwoodhats the Conjurer (Draconian Conjurer)       Turns: 4013, Time: 00:22:33

Health: -7/40      AC:  6    Str:  9 (10) XL:     5   Next: 70%
Magic:  1/9        EV: 12    Int: 21      God:
Gold:   130        SH:  0    Dex: 10 (12) Spells: 4/10 levels left

rFire    . . .     SeeInvis .   k - +0 long sword
rCold    . . .     Gourm    .   (no shield)
rNeg     . . .     Faith    .   (armour unavailable)
rPois    .         Spirit   .   (helmet restricted)
rElec    .         Reflect  .   c - +0 cloak
rCorr    .         Harm     .   (no gloves)
MR       .....                  (no boots)
Stlth    ++........             (no amulet)
HPRegen  0.13/turn              (no ring)
MPRegen  0.11/turn              (no ring)

@: brilliant
A: unfitting armour, cold-blooded, AC +5
a: no special abilities


You were on level 4 of the Dungeon.
You were not hungry.

You visited 1 branch of the dungeon, and saw 4 of its levels.

You collected 130 gold pieces.

Inventory:

Hand Weapons
 d - a +2 dagger of flaming
 k - a +0 long sword (weapon)
Armour
 c - a +0 cloak (worn)
 h - a +0 robe
 j - a cursed +0 chain mail
Jewellery
 b - a cursed ring of teleportation
Scrolls
 a - 2 scrolls of teleportation
 f - 4 scrolls of remove curse
Potions
 g - a potion of invisibility


   Skills:
 + Level 1.1 Fighting
 + Level 1.5 Short Blades
 + Level 0.2(1.0) Long Blades
 + Level 2.6 Dodging
 + Level 2.5 Stealth
 + Level 3.0 Spellcasting
 + Level 5.2 Conjurations


You had 4 spell levels left.
You knew the following spells:

 Your Spells              Type           Power        Failure   Level  Hunger
a - Magic Dart            Conj           ####         1%          1    None
b - Searing Ray           Conj           #####.       1%          2    ##.....
c - Dazzling Spray        Conj/Hex       ####..       1%          3    ###....

Your spell library contained the following spells:

 Spells                   Type           Power        Failure   Level  Hunger
 Iskenderun's Mystic Bla  Conj           #####...     1%          4    ####...
 Force Lance              Conj/Tloc      ####....     5%          4    ####...
 Fulminant Prism          Conj/Hex       ####......   5%          4    ####...


Dungeon Overview and Level Annotations

Branches:
Dungeon (4/15)
 Temple: D:4-7

Altars:
Hepliaklqana


Innate Abilities, Weirdness & Mutations

Your plain brown scales are hard. (AC +5)
You cannot fit into any form of body armour.
You are cold-blooded and may be slowed by cold attacks.


Message History

The orc priest misses you.
The orc priest hits you with a +0 flail!
* * * LOW HITPOINT WARNING * * *
You barely miss the orc priest.
The orc priest is heavily wounded.
The orc priest barely misses you.
Your magical contamination has completely faded away.
You hit the orc priest but do no damage.
The orc priest is heavily wounded.
The orc priest calls down the wrath of Beogh upon you.
Pain shoots through your body!
* * * LOW HITPOINT WARNING * * *
Casting: Searing Ray (safe; 1% risk of failure)
Confirm with . or Enter, or press ? or * to list all spells.
Aiming: Dazzling Spray (safe; 1% risk of failure)
Press: ? - help, Shift-Dir - straight line, f/p - orc priest
Aim: an orc priest, wielding a +0 flail and wearing a +0 leather armour (heavily wounded)
The spray of energy misses the orc priest.
The orc priest hits you with a +0 flail!
You die...

#.....##
#......#
#...# ##<.##
. #...# ...
#...# #[..
#...##....
###
#...........
#@###
#.....#.....
##o.###...###
...
##...#..##
#.. ###....##
.. ##<....#
#. #..##..##
#(
##>####..##
#. ####.##
##..## ##.
#....#
##o.###.#


You could see an orc priest.

Vanquished Creatures
  An orc priest (D:3)
  A worker ant (D:3)
  A hound zombie (D:3)
  3 hound skeletons (D:3)
  4 adders
  An ooze (D:3)
  2 adder zombies (D:3)
  An adder skeleton (D:3)
  A worm (D:2)
  2 leopard geckos
  9 orcs
  A giant cockroach (D:2)
  8 goblins
  4 hobgoblins
  6 jackals (D:2)
  3 bats
  5 frilled lizards
  2 jackal skeletons (D:3)
  A jackal zombie (D:3)
  5 kobolds
  A leopard gecko zombie (D:3)
  A quokka zombie (D:3)
  4 rats
67 creatures vanquished.

Notes
Turn   | Place    | Note
-------+----------+-------------------------------------------
     0 | D:1      | redwoodhats the Draconian Conjurer began the quest for the
                  | Orb.
     0 | D:1      | Reached XP level 1. HP: 14/14 MP: 3/3
     0 | D:1      | Noticed a large abomination
     1 | D:1      | Noticed a green draconian
     1 | D:1      | Noticed a red draconian
     6 | D:1      | Noticed an iron dragon
     7 | D:1      | Noticed a large abomination
     8 | D:1      | Noticed a tentacled monstrosity
    10 | D:1      | Noticed a tentacled monstrosity
    10 | D:1      | Noticed a green draconian
    12 | D:1      | Noticed a shadow dragon
    17 | D:1      | Noticed a tentacled monstrosity
    19 | D:1      | Noticed an orb of fire
    19 | D:1      | Noticed an orb of fire
    21 | D:1      | Noticed a tentacled monstrosity
    21 | D:1      | Noticed a shadow dragon
   467 | D:1      | Reached XP level 2. HP: 20/20 MP: 0/5
   942 | D:1      | Learned a level 2 spell: Searing Ray
  1043 | D:2      | Found a hazy altar of Hepliaklqana.
  1130 | D:2      | Reached XP level 3. HP: 15/26 MP: 1/6
  3114 | D:3      | Reached skill level 5 in Conjurations
  3114 | D:3      | Reached XP level 4. HP: 19/34 MP: 1/7
  3462 | D:3      | Reached skill level 1 in Short Blades
  3462 | D:3      | Reached XP level 5. HP: 34/39 MP: 1/9
  3748 | D:3      | Reached skill level 1 in Fighting
  3901 | D:3      | Learned a level 3 spell: Dazzling Spray
  4013 | D:4      | Mangled by an orc priest

Skill      XL: |  1  2  3  4  5 |
---------------+----------------+-----
Stealth        | 2 |  2.5
Dodging        | 2 |  2.6
Conjurations   | 5 |  5.2
Short Blades   | 1 |  1.5
Fighting       | 1 |  1.1
Spellcasting   | 3 |  3.0
Long Blades    | |  0.2

Action                   |  1- 3 |  4- 6 || total
-------------------------+-------+-------++-------
Melee: Dagger            |    84 |    47 ||   131
       Unarmed           |     1 |       ||     1
       Tailslap          |     3 |     3 ||     6
       Long sword        |       |     8 ||     8
 Cast: Magic Dart        |    34 |    46 ||    80
       Searing Ray       |    10 |     1 ||    11
       Dazzling Spray    |       |     2 ||     2
  Use: Scroll            |     6 |       ||     6
       Potion            |     4 |     4 ||     8
  Eat: Ration            |     1 |     1 ||     2
       Chunk             |     4 |     3 ||     7
Armor: Skin              |    33 |    15 ||    48
Dodge: Dodged            |    73 |    31 ||   104
